 Dungeon Crawl Stone Soup version 0.30-a0-862-g1aabd4f9c5 (webtiles) character file.

Game seed: 11666613453316527407

961 IdlyInterested the Slasher (level 7, 0/52 HPs)
             Began as a Demonspawn Fighter on Mar 9, 2023.
             Succumbed to a killer bee's poison
             ... on level 5 of the Dungeon.
             The game lasted 00:13:55 (4610 turns).

IdlyInterested the Slasher (Demonspawn Fighter)     Turns: 4610, Time: 00:13:55

Health: 0/52       AC: 10    Str: 16    XL:     7   Next: 92%
Magic:  10/10      EV:  7    Int:  9    God:
Gold:   156        SH:  0    Dex: 15    Spells: 6/6 levels left

rFire   . . .      SeeInvis .    a - +0 long sword
rCold   . . .      Faith    .    c - +0 buckler
rNeg    . . .      Spirit   +    h - +1 chain mail
rPois   .          Reflect  .    (no helmet)
rElec   .          Rampage  .    f - scarf {shadows}
rCorr   .                        (no gloves)
Will    .....                    (no boots) Stlth
                                 (no amulet)
HPRegen 0.28/turn                (no ring)
MPRegen 0.24/turn                (no ring)

@: confused, mighty, lethally poisoned (0 -> -21), ambrosia-drunk
A: large bone plates 2, foul stench 1, magic shield, magic regeneration
a: no special abilities


You were on level 5 of the Dungeon.
You visited 1 branch of the dungeon, and saw 5 of its levels.

You collected 239 gold pieces.
You spent 83 gold pieces at shops.

Inventory:

Hand Weapons
 a - a +0 long sword (weapon)
 r - a +0 rapier
Missiles
 g - 66 stones
 q - 2 javelins
 v - 5 poisoned darts (quivered)
Armour
 c - a +0 buckler (worn)
 f - a scarf of shadows (worn)
 h - a +1 chain mail (worn)
 s - a +0 plate armour
Wands
 i - a wand of polymorph (4)
Scrolls
 l - 3 scrolls of poison
 n - a scroll of fear
 o - a scroll of identify
 t - 2 scrolls of silence
 u - a scroll of blinking
Potions
 b - a potion of lignification {unknown}
 e - 2 potions of heal wounds
 j - 3 potions of brilliance
 m - a potion of flight


   Skills:
 * Level 3.5 Fighting
 + Level 6.5 Long Blades
 - Level 1.0 Throwing
 - Level 3.0 Armour
 - Level 3.0 Dodging
 - Level 1.0 Stealth
 - Level 2.6 Shields
 - Level 4.0 Invocations
 - Level 1.0 Evocations


You had 6 spell levels left.
You didn't know any spells.
Your spell library contained the following spells:

 Spells                   Type           Power      Damage    Failure   Level
 Sting                    Tmut/Pois      0%         1d3       100%        1
 Cigotuvi's Dreadful Rot  Necr/Pois/Air  0%         N/A       100%        2
 Poisonous Vapours        Pois/Air       0%         N/A       100%        2
 Mephitic Cloud           Conj/Pois/Air  0%         N/A       100%        3
 Olgreb's Toxic Radiance  Pois           0%         N/A       100%        4


Dungeon Overview and Level Annotations

Branches:
Dungeon (5/15)
 Temple: D:4-7

Altars:
Qazlal
Uskayaw

Shops:
D:4 ?**(


Innate Abilities, Weirdness & Mutations

You are mostly covered in large bone plates. (SH +6)
You may rarely emit foul miasma when damaged in melee.
When hurt, damage is shared between your health and your magic reserves.
You regenerate magic rapidly.


Message History

The killer bee stings you but does no damage.
You block the killer bee's attack.
The killer bee stings you but does no damage.
You block the killer bee's attack. x2; The killer bee barely misses you.
You slash the killer bee!
You kill the killer bee!
You feel very sick. You block the killer bee's attack.
The killer bee stings you.
* * * LOW HITPOINT WARNING * * *
You are more poisoned.
The killer bee poisons you! The killer bee stings you.
* * * LOW HITPOINT WARNING * * *
You block the killer bee's attack.
The killer bee stings you but does no damage.
You are confused.
You feel invigorated.
* * * LOW HITPOINT WARNING * * *
You feel very sick. The killer bee stings you.
* * * LOW HITPOINT WARNING * * *
You are more poisoned.
The killer bee poisons you!
The killer bee stings you but does no damage.
The killer bee stings you.
* * * LOW HITPOINT WARNING * * *
The killer bee stings you but does no damage.
The killer bee closely misses you.
The killer bee stings you but does no damage.
You slash the killer bee!
The killer bee is heavily wounded.
* * * LOW HITPOINT WARNING * * *
You feel extremely sick.
The killer bee stings you but does no damage.
The killer bee barely misses you. The killer bee stings you!
* * * LOW HITPOINT WARNING * * *
The killer bee stings you but does no damage. x2
The killer bee barely misses you.
You completely miss the killer bee.
The killer bee is heavily wounded.
You die...

...'.............# ..#
...#.............#...#
...#.............#y..#
...#.............'...#
#'##.............###+##
.......##+######......#
.......# #y.....#
.......+ #yy....#
.......# #@yy...#
..##+### ######## ..+
..# ..# ..# ..#
#####+#### .........#


You could see 5 killer bees.

Vanquished Creatures
  Sigmund (D:2)
  A centaur (D:4)
  2 ogres (D:5)
  A phantom (D:4)
  A killer bee (D:5)
  A howler monkey (D:5)
  2 hounds (D:5)
  3 sleepcaps
  Jessica (D:3)
  A gnoll (D:5)
  11 adders
  3 worms
  3 dart slugs
  An orc (D:5)
  7 endoplasms
  5 giant cockroaches
  8 goblins
  9 hobgoblins
  15 jackals
  3 quokkas
  7 ball pythons
  5 bats
  3 frilled lizards
  9 kobolds
  3 rats
106 creatures vanquished.

Vanquished Creatures (others)
  A plant (D:5)
1 creature vanquished.

Grand Total: 107 creatures vanquished

Notes
Turn   | Place    | Note
-------+----------+-------------------------------------------
     0 | D:1      | IdlyInterested the Demonspawn Fighter began the quest for
                  | the Orb.
     0 | D:1      | Reached XP level 1. HP: 18/18 MP: 1/1
   183 | D:1      | Reached skill level 2 in Long Blades
   183 | D:1      | Reached skill level 1 in Stealth
   325 | D:1      | Gained mutation: You are partially covered in large bone
                  | plates. (SH +4) [demonic ancestry]
   325 | D:1      | Reached XP level 2. HP: 24/24 MP: 2/2
   429 | D:1      | Reached skill level 1 in Dodging
  1084 | D:2      | Found a stormy altar of Qazlal.
  1105 | D:2      | Reached XP level 3. HP: 28/29 MP: 3/3
  1114 | D:2      | Noticed Sigmund
  1120 | D:2      | Killed Sigmund
  1121 | D:2      | Reached skill level 4 in Long Blades
  1121 | D:2      | Reached skill level 1 in Throwing
  1121 | D:2      | Gained mutation: You are mostly covered in large bone
                  | plates. (SH +6) [demonic ancestry]
  1121 | D:2      | Reached XP level 4. HP: 22/35 MP: 4/4
  1121 | D:2      | Gained mutation: You regenerate magic rapidly. [demonic
                  | ancestry]
  1121 | D:2      | Reached XP level 5. HP: 26/41 MP: 5/5
  1992 | D:3      | Reached skill level 5 in Long Blades
  2113 | D:3      | Noticed Jessica
  2120 | D:3      | Killed Jessica
  2121 | D:3      | Gained mutation: You may rarely emit foul miasma when
                  | damaged in melee. [demonic ancestry]
  2121 | D:3      | Reached XP level 6. HP: 47/47 MP: 6/6
  3050 | D:4      | Found Tosuadypn's Antique Weapon Shoppe.
  3066 | D:4      | Found Boruutir's Assorted Antiques.
  3098 | D:4      | Bought an emerald potion for 26 gold pieces
  3098 | D:4      | Bought a fizzy green potion for 26 gold pieces
  3376 | D:4      | Found a hide-covered altar of Uskayaw.
  3414 | D:4      | Reached skill level 6 in Long Blades
  3414 | D:4      | Gained mutation: When hurt, damage is shared between your
                  | health and your magic reserves. [demonic ancestry]
  3414 | D:4      | Reached XP level 7. HP: 51/52 MP: 7/7
  3515 | D:4      | Found Kiblou's Magic Scroll Shop.
  3525 | D:4      | Found Macicik's Assorted Antiques.
  3538 | D:4      | Bought a scroll labelled PUKLAOXACH for 31 gold pieces
  3721 | D:5      | Entered Level 5 of the Dungeon
  3813 | D:5      | Reached skill level 1 in Invocations
  3813 | D:5      | Reached skill level 1 in Evocations
  4609 | D:5      | HP: 2/52 [killer bee (3)]
  4610 | D:5      | Succumbed to a killer bee's poison

Illustrated notes

Levels and vault maps discovered:
D:1:      wheals_arrival_linesprint, layout_basic
D:2:      layout_basic, basic_altar, roderic_lattice_a, interstate_on_off,
          minmay_misc_feat_four_crosses, kennysheep_generic_room_2, uniq_sigmund
D:3:      kennysheep_big_flooded_room, layout_basic, minmay_between,
          uniq_jessica
D:4:      layout_basic, mainiacjoe_overflow_divided_tiny, serial_shops, shop,
          nicolae_shop_overgrown_old_shop, shop, kennysheep_mini_moat
D:5:      lemuel_castle_with_subvaults [lemuel_castle_interior_original],
          layout_gridville, doesnt_xom_only_xom,
          nicolae_kikubaaqudgha_miasma_corner

Skill      XL: |  1  2  3  4  5  6  7 |
---------------+----------------------+-----
Long Blades    | 2 4 5 6 |  6.5
Stealth        | 1 |  1.0
Dodging        | 1 3 |  3.0
Throwing       | 1 |  1.0
Armour         | 3 |  3.0
Invocations    | 4 |  4.0
Evocations     | 1 |  1.0
Fighting       | |  3.5
Shields        | |  2.6

Action                     |  1- 3 |  4- 6 |  7- 9 || total
---------------------------+-------+-------+-------++-------
  Melee: Long sword        |    65 |   180 |   110 ||   355
  Throw: Stone             |    10 |     1 |       ||    11
         Dart              |       |       |     1 ||     1
    Use: Scroll            |     5 |     9 |     4 ||    18
         Potion            |     1 |       |     2 ||     3
 Armour: Scale mail        |     5 |       |       ||     5
         Chain mail        |    20 |    88 |    68 ||   176
  Dodge: Dodged            |    18 |    32 |    30 ||    80
  Block: Buckler           |    28 |   111 |    69 ||   208

Table legend: (Time is in decaauts)
 A = Elapsed time spent in this place.
 B = Non-inter-level travel time spent in this place.
 C = Inter-level travel time spent in this place.
 D = Time resting spent in this place.
 E = Time spent auto-exploring this place.
 F = Levels seen in this place.
 G = Mean time per level.
                   A        B        C        D        E       F      G
               +--------+--------+--------+--------+--------+-----+--------+
         Total |   4685 |   4164 |    521 |    486 |   2378 |   5 |  937.0 |
       Dungeon |   4685 |   4164 |    521 |    486 |   2378 |   5 |  937.0 |
               +--------+--------+--------+--------+--------+-----+--------+

Top non-repeatable levels by time:
     D:4: 1148 daAuts
     D:2: 1067 daAuts
     D:1: 942 daAuts
     D:3: 811 daAuts
     D:5: 715 daAuts
